 Dungeon Crawl Stone Soup version 0.27-a0-1374-gc14e5d3922 (webtiles) character file.

Game seed: 1520010745450925891

65 Froggeryz the Cutter (level 4, -9/31 HPs)
             Began as an Octopode Berserker on June 29, 2021.
             Was a Believer of Trog.
             Mangled by Sigmund (13 damage)
             ... on level 2 of the Dungeon.
             The game lasted 00:01:28 (1887 turns).

Froggeryz the Cutter (Octopode Berserker)           Turns: 1887, Time: 00:01:28

Health: -9/31      AC:  1    Str: 16    XL:     4   Next: 14%
Magic:  4/4        EV: 13    Int:  7    God:    Trog [**....]
Gold:   91         SH:  0    Dex: 12    Spells: 3/3 levels left

rFire    . . .     SeeInvis .   a - +0 short sword
rCold    . . .     Faith    .   (no shield)
rNeg     . . .     Spirit   .   (helmet restricted)
rPois    .         Reflect  .   (no amulet)
rElec    .         Harm     .   (no ring)
rCorr    .         Rampage  .   (no ring)
Will     .....     Rnd*Tele +   (no ring)
Stlth    ++........             (no ring)
HPRegen  0.10/turn              (no ring)
MPRegen  0.09/turn              (no ring)
                                (no ring)
                                (no ring)

@: confused, unable to read, on berserk cooldown, flying, very slightly
contaminated, slowed, invisible, very slow
A: almost no armour, amphibious, 8 rings, camouflage 1, gelatinous body 1,
(nimble swimmer 1), tentacles, tentacle spike 1, dopey 1, teleportitis 1,
inability to read while threatened
a: Renounce Religion, Berserk, Trog's Hand


You were on level 2 of the Dungeon.
You worshipped Trog.
Trog was pleased with you.
You visited 1 branch of the dungeon, and saw 2 of its levels.

You collected 91 gold pieces.

Inventory:

Hand Weapons
 a - a +0 short sword (weapon)
Scrolls
 b - 4 scrolls of identify {unknown}
 c - 3 scrolls of immolation {unknown}


   Skills:
 - Level 3.0 Fighting
 * Level 4.3 Short Blades
 - Level 3.0 Dodging
 + Level 2.8 Stealth


You had 3 spell levels left.
You didn't know any spells.
Your spell library was empty.

Dungeon Overview and Level Annotations

Branches:
Dungeon (2/15)

Altars:

Annotations:
D:2 Sigmund


Innate Abilities, Weirdness & Mutations

You cannot wear most types of armour.
You are amphibious.
You can wear up to eight rings at the same time.
Your skin changes colour to match your surroundings (Stealth+).
Your rubbery body absorbs attacks. (AC +1, EV +1)
((You are camouflaged near water. (Stealth+)))
You have tentacles for arms and can constrict up to eight enemies at once.
One of your tentacles bears a spike.
You are dopey. (Int -2)
You are occasionally teleported next to monsters.
You sometimes lose the ability to read scrolls when taking damage.


Message History

Sigmund misses you.
You barely miss Sigmund.
Sigmund is heavily wounded.
Sigmund hits you with a +0 scythe.
You bump into the rock wall.
You bump into the rock wall.
You feel a strong urge to attack something.
You are no longer berserk.
You are exhausted.
You feel yourself slow down. Sigmund hits you with a +0 scythe.
You bump into the rock wall.
Sigmund misses you.
You miss Sigmund.
Sigmund is heavily wounded.
Sigmund hits you with a +0 scythe. x2
* * * LOW HITPOINT WARNING * * *
It was a potion of flight.
You feel very buoyant.
You fly up into the air.
Sigmund casts a spell.
Sigmund flickers and vanishes!
Deactivating autopickup; reactivate with Ctrl-A.
It was a potion of ambrosia.
You are more confused.
You feel invigorated. Something hits you. Something hits you!
* * * LOW HITPOINT WARNING * * *
It was a potion of mutation.
You feel extremely strange.
You lose the ability to read scrolls when threatened.
You feel stupid.
You feel weirdly uncertain.
One of your lower tentacles grows a sharp spike.
Something hits you.
It was a potion of invisibility.
You fade into invisibility!
Something hits you. Something hits you!
You feel threatened and lose the ability to read scrolls!
* * * LOW HITPOINT WARNING * * *
You are very lightly contaminated with residual magic.
You bump into the rock wall.
You feel less invigorated. Something hits you!
* * * LOW HITPOINT WARNING * * *
You bump into the rock wall.
Something hits you!
You die...

##################
#.!...............
#.################
#†# #.# #@#
############## #{#
#............. #.#
#.############ #.#
#.# ..# #.# ###
#.# #.#
#.############
#>.......÷....


There were no monsters in sight!

Vanquished Creatures
  An adder (D:2)
  2 worms (D:2)
  A dart slug (D:2)
  7 ball pythons
  7 bats
  2 endoplasms
  2 giant cockroaches (D:2)
  5 goblins
  A hobgoblin (D:2)
  2 jackals (D:2)
  3 kobolds
  2 quokkas (D:1)
  3 frilled lizards (D:1)
  9 rats
47 creatures vanquished.

Notes
Turn   | Place    | Note
-------+----------+-------------------------------------------
     0 | D:1      | Froggeryz the Octopode Berserker began the quest for the
                  | Orb.
     0 | D:1      | Reached XP level 1. HP: 16/16 MP: 1/1
   176 | D:1      | Reached skill level 1 in Stealth
   216 | D:1      | Reached XP level 2. HP: 18/21 MP: 2/2
   925 | D:1      | Reached XP level 3. HP: 26/26 MP: 3/3
  1091 | D:2      | Reached ** piety under Trog
  1092 | D:2      | Reached skill level 4 in Short Blades
  1401 | D:2      | Reached XP level 4. HP: 18/31 MP: 4/4
  1863 | D:2      | Noticed Sigmund
  1884 | D:2      | Gained mutation: You sometimes lose the ability to read
                  | scrolls when taking damage. [potion of mutation]
  1884 | D:2      | Gained mutation: You are dopey. (Int -2) [potion of
                  | mutation]
  1884 | D:2      | Gained mutation: You are occasionally teleported next to
                  | monsters. [potion of mutation]
  1884 | D:2      | Gained mutation: One of your tentacles bears a spike.
                  | [potion of mutation]
  1887 | D:2      | Mangled by Sigmund

Illustrated notes

Levels and vault maps discovered:
D:1:      dpeg_arrival_subterranean_lakeside_camping, layout_basic
D:2:      layout_basic, uniq_sigmund

Skill      XL: |  1  2  3 |
---------------+----------+-----
Stealth        | 1 2 |  2.8
Short Blades   | 4 |  4.3
Fighting       | |  3.0
Dodging        | |  3.0

Action                   |  1- 3 |  4- 6 || total
-------------------------+-------+-------++-------
Melee: Short sword       |    79 |    15 ||    94
       Constrict         |    14 |     3 ||    17
       Tentacles         |     9 |     2 ||    11
Invok: Berserk           |     1 |     1 ||     2
  Use: Potion            |       |     4 ||     4
 Stab: Sleeping          |    11 |     1 ||    12
Armor: Skin              |     9 |     1 ||    10
Dodge: Dodged            |    42 |     9 ||    51

Table legend: (Time is in decaauts)
 A = Elapsed time spent in this place.
 B = Non-inter-level travel time spent in this place.
 C = Inter-level travel time spent in this place.
 D = Time resting spent in this place.
 E = Time spent auto-exploring this place.
 F = Levels seen in this place.
 G = Mean time per level.
                   A        B        C        D        E       F      G
               +--------+--------+--------+--------+--------+-----+--------+
         Total |   1891 |   1881 |     10 |    262 |   1343 |   2 |  945.5 |
       Dungeon |   1891 |   1881 |     10 |    262 |   1343 |   2 |  945.5 |
               +--------+--------+--------+--------+--------+-----+--------+

Top non-repeatable levels by time:
     D:1: 1066 daAuts
     D:2: 824 daAuts
